 Dungeon Crawl Stone Soup version 0.28.0-53-g5a82cb258f (webtiles) character file.

Game seed: 1895638773980472120

485 protoss039 the Digger (level 6, -2/46 HPs)
             Began as a Demonspawn Earth Elementalist on June 2, 2022.
             Slain by Pikel
             ... wielding a +2 whip of flaming
              (10 damage)
             ... on level 3 of the Dungeon.
             The game lasted 00:11:52 (5754 turns).

protoss039 the Digger (DsEE)                        Turns: 5754, Time: 00:11:53

Health: -2/46      AC:  5    Str:  8    XL:     6   Next: 88%
Magic:  0/10       EV: 16    Int: 18    God:
Gold:   165        SH:  0    Dex: 14    Spells: 5/11 levels left

rFire   . . .      SeeInvis +   l - +0 spear
rCold   . . .      Faith    .   (no shield)
rNeg    . . .      Spirit   .   j - +0 leather armour
rPois   .          Reflect  .   (no helmet)
rElec   .          Harm     .   (no cloak)
rCorr   .          Rampage  .   (no gloves)
Will    .....                   (no boots)
Stlth   ++........              t - amulet of the acrobat
HPRegen 0.15/turn               d - ring of see invisible
MPRegen 0.12/turn               n - +4 ring of evasion

@: no status effects
A: yellow scales 1, ignite blood 1, demonic touch 1
a: no special abilities


You were on level 3 of the Dungeon.
You visited 1 branch of the dungeon, and saw 4 of its levels.

You collected 165 gold pieces.

Inventory:

Hand Weapons
 l - a +0 spear (weapon)
Missiles
 p - 14 stones
Armour
 j - a +0 leather armour (worn)
Jewellery
 d - a ring of see invisible (left hand)
 g - a ring of fire
 n - a +4 ring of evasion (right hand)
 t - an amulet of the acrobat (around neck)
Scrolls
 a - 2 scrolls of immolation {unknown}
 f - 2 scrolls of noise {unknown}
 h - a scroll of silence {unknown}
 i - a scroll of magic mapping {unknown}
 k - a scroll of identify {unknown}
 o - a scroll of summoning {unknown}
 r - 2 scrolls of teleportation {unknown}
 v - a scroll of fog {unknown}
Potions
 c - 2 potions of might {unknown}
 e - a potion of brilliance {unknown}
 m - a potion of resistance {unknown}
 q - 2 potions of flight {unknown}
 s - a potion of haste {unknown}
 u - a potion of ambrosia {unknown}


   Skills:
 * Level 2.5 Fighting
 + Level 1.6 Armour
 - Level 3.0 Dodging
 - Level 3.0 Stealth
 + Level 3.0 Spellcasting
 - Level 2.0 Conjurations
 - Level 2.0 Transmutations
 + Level 3.8 Earth Magic


You had 5 spell levels left.
You knew the following spells:

 Your Spells              Type           Power      Damage    Failure   Level
a - Sandblast             Erth           32%        2d9       4%          1
b - Passwall              Tmut/Erth      10%        N/A       11%         2
c - Stone Arrow           Conj/Erth      26%        3d8       21%         3

Your spell library contained the following spells:

 Spells                   Type           Power      Damage    Failure   Level
 Petrify                  Tmut/Erth      13%        N/A       56%         4


Dungeon Overview and Level Annotations

Branches:
Dungeon (4/15)
 Temple: D:4-7

Altars:
Dithmenos
Qazlal
Wu Jian
Zin

Annotations:
D:3 Pikel
D:4 exclusion: ogre


Innate Abilities, Weirdness & Mutations

You are partially covered in yellow scales. (AC +2)
Your demonic aura sometimes causes spilled blood to erupt in flames.
Your touch may inflict minor irresistible damage on your foes.


Message History

Unknown command.
Unknown command.
You feel better.
Unknown command.
Unknown command.
Pikel scowls and wipes his hands on his robe.
Casting: Sandblast (safe; 4% risk of failure)
Confirm with . or Enter, or press ? or * to list all spells.
Aiming: Sandblast (safe; 4% risk of failure)
Press: ? - help, Shift-Dir - straight line, f/p - Pikel
Aim: Pikel, wielding a +2 whip of flaming and wearing a +2 robe of willpower (severely wounded, 74% to hit)
The blast of sand hits Pikel but does no damage.
Pikel is severely wounded.
Unknown command.
You see here a +0 hunting sling.
There is a stone staircase leading up here.
Pikel says, "You'll make a fine lemure."
Pikel hits you with a +2 whip of flaming!
* * * LOW HITPOINT WARNING * * *
Pikel burns you.
* * * LOW HITPOINT WARNING * * *
You climb upwards.
There is a stone staircase leading down here.
Pikel cracks his whip.
Casting: Sandblast (safe; 4% risk of failure)
Confirm with . or Enter, or press ? or * to list all spells.
Aiming: Stone Arrow (dangerous; 21% risk of failure)
Press: ? - help, Shift-Dir - straight line, f - Pikel
Aim: Pikel, wielding a +2 whip of flaming and wearing a +2 robe of willpower (severely wounded, 60% to hit)
Pikel misses you.
Unknown command.
Casting: Stone Arrow (dangerous; 21% risk of failure)
Confirm with . or Enter, or press ? or * to list all spells.
Aiming: Sandblast (safe; 4% risk of failure)
Press: ? - help, Shift-Dir - straight line, f - Pikel
Aim: Pikel, wielding a +2 whip of flaming and wearing a +2 robe of willpower (severely wounded, 74% to hit)
The blast of sand hits Pikel but does no damage.
Pikel is severely wounded.
Pikel hits you with a +2 whip of flaming!
You die...

#...###......... #.###
#......... ###.#
#......... #...#
#......... ##.###
#......... #####..#
##.<.>.... #......#
##.....#. #......#
#........
#.....@########........
#......K...............
#......########........
#......# ##........
#......# ###.........
############...........
###.......###.######
#.....##### #.# #
####### ##.######


You could see Pikel.

Vanquished Creatures
  Menkaure (D:4)
  A sky beast (D:3)
  2 lemures
  2 scorpions (D:4)
  An adder (D:3)
  4 gnolls (D:4)
  A shadow imp (D:3)
  An ufetubus (D:4)
  An adder skeleton (D:4)
  A worm (D:3)
  4 dart slugs
  An orc (D:4)
  8 ball pythons
  11 endoplasms
  6 giant cockroaches
  10 goblins
  5 hobgoblins
  3 jackals (D:2)
  5 kobolds
  A quokka (D:4)
  6 bats
  3 frilled lizards
  A quokka skeleton (D:4)
  7 rats
86 creatures vanquished.

Vanquished Creatures (others)
  18 plants (D:3)
18 creatures vanquished.

Grand Total: 104 creatures vanquished

Notes
Turn   | Place    | Note
-------+----------+-------------------------------------------
     0 | D:1      | protoss039 the Demonspawn Earth Elementalist began the
                  | quest for the Orb.
     0 | D:1      | Reached XP level 1. HP: 13/13 MP: 3/3
   209 | D:1      | Reached skill level 1 in Transmutations
   317 | D:1      | Gained mutation: You are partially covered in yellow
                  | scales. (AC +2) [demonic ancestry]
   317 | D:1      | Reached XP level 2. HP: 17/19 MP: 1/5
   845 | D:1      | Found a faded altar of an unknown god.
  1132 | D:1      | Reached XP level 3. HP: 7/24 MP: 1/6
  1879 | D:2      | You fall into a shaft and drop 2 floors!
  1922 | D:4      | Noticed an ogre
  2017 | D:4      | Noticed Menkaure
  2473 | D:2      | Learned a level 2 spell: Passwall
  2477 | D:2      | Learned a level 3 spell: Stone Arrow
  2656 | D:2      | Gained mutation: Your demonic aura sometimes causes spilled
                  | blood to erupt in flames. [demonic ancestry]
  2656 | D:2      | Reached XP level 4. HP: 30/30 MP: 7/7
  3981 | D:3      | Found a shadowy altar of Dithmenos.
  4021 | D:4      | Noticed a sky beast
  4033 | D:3      | Killed a sky beast
  4034 | D:3      | Reached skill level 1 in Fighting
  4034 | D:3      | Reached skill level 1 in Conjurations
  4034 | D:3      | Reached XP level 5. HP: 29/37 MP: 0/9
  4159 | D:4      | Noticed a lemure
  4160 | D:4      | Noticed a lemure
  4163 | D:4      | Noticed a lemure
  4214 | D:4      | Killed a lemure
  4491 | D:3      | Killed a lemure
  4580 | D:4      | Reached skill level 1 in Armour
  4623 | D:4      | Found an ornate altar of the Wu Jian Council.
  5036 | D:4      | Gained mutation: Your touch may inflict minor irresistible
                  | damage on your foes. [demonic ancestry]
  5036 | D:4      | Reached XP level 6. HP: 36/43 MP: 6/10
  5337 | D:4      | Killed Menkaure
  5510 | D:4      | Found a stormy altar of Qazlal.
  5674 | D:4      | Noticed Pikel
  5754 | D:3      | Slain by Pikel

Illustrated notes

Levels and vault maps discovered:
D:1:      tarquinn_simple_flora_water_f, layout_basic,
          hellmonk_ecumenical_altar_lost_god, grunt_decor_mini_mirrors
D:2:      layout_basic, minmay_split_cup_small
D:3:      layout_rooms, nicolae_dithmenos_through_a_glass_darkly,
          serial_bayou_lagoon_a
D:4:      layout_basic, old_standard_altar, pdpol_wu_jian_five_deadly_venoms,
          nicolae_qazlal_eye_of_the_storm, uniq_pikel, uniq_menkaure

Skill      XL: |  1  2  3  4  5  6 |
---------------+-------------------+-----
Transmutations | 1 2 |  2.0
Stealth        | 2 3 |  3.0
Dodging        | 2 3 |  3.0
Earth Magic    | 3 |  3.8
Fighting       | 1 2 |  2.5
Conjurations   | 1 2 |  2.0
Armour         | 1 |  1.6
Spellcasting   | 3 |  3.0

Action                   |  1- 3 |  4- 6 || total
-------------------------+-------+-------++-------
Melee: Unarmed           |    30 |       ||    30
       Club              |    74 |       ||    74
       Punch             |     2 |       ||     2
       Spear             |   106 |   143 ||   249
       Touch             |       |     4 ||     4
 Cast: Sandblast         |    31 |    51 ||    82
       Stone Arrow       |       |    12 ||    12
  Use: Potion            |     1 |     1 ||     2
       Scroll            |     1 |       ||     1
 Stab: Sleeping          |     7 |     3 ||    10
       Distracted        |       |     1 ||     1
Armor: Robe              |    42 |       ||    42
       Leather armour    |    22 |    38 ||    60
Dodge: Dodged            |   167 |   146 ||   313
